AoeStats
← black

Arabia

509537001Analyzed
2v2 RM · 6d ago on Sep 27, 2026· 55m 22s· 4 players
Game mode
Random Map
Map size
Medium (4 player)
Population
200
Speed
Normal
Resources
Standard
Victory
Conquest
Starting age
Dark Age
Ending age
Imperial Age
RankedLock teamsTeams togetherTeam positionsShared explorationLock speedFull tech treeHidden civsTurbo modeCheats
Victory
Defeat
🇨🇱 Khmer · Chile
852
+15
🇨🇱 Bohemians · Chile
740
+21
🇦🇷 Sicilians · Argentina
854
-19
🇦🇷 Britons · Argentina
814
-17
Orson Welles
7:38 Loom
10:15 Feudal Age
11:27 Double-Bit Axe
17:35 Horse Collar
21:42 Castle Age
21:47 Bloodlines
22:39 Bow Saw
22:36 Gold Mining
22:38 Stone Mining
26:30 Heavy Plow
28:14 Town Watch
32:32 Fletching
32:43 Padded Archer Armor
33:58 Husbandry
36:50 Scale Barding Armor
39:36 Tusk Swords
40:34 Wheelbarrow
42:41 Imperial Age
43:45 Elite Ballista Elephant
45:56 Crop Rotation
45:51 Chain Barding Armor
45:29 Bodkin Arrow
45:50 Leather Archer Armor
45:47 Forging
47:06 Chemistry
51:49 Double Crossbow
52:36 Ballistics
52:29 Bracer
53:12 Ring Archer Armor
Publio Adriano
0:38 Loom
12:15 Feudal Age
19:01 Castle Age
21:38 Pikeman
22:14 Horse Collar
22:44 Squires
22:53 Double-Bit Axe
32:16 Arson
33:00 Forging
41:43 Redemption
41:54 Sanctity
45:46 Imperial Age
43:56 Fletching
56:56 Chemistry
Laucha.10
0:27 Loom
11:06 Feudal Age
12:31 Wheelbarrow
11:43 Town Watch
12:01 Double-Bit Axe
22:10 Castle Age
21:10 Gold Mining
23:13 Hand Cart
23:13 Bow Saw
22:45 Horse Collar
23:24 Stone Mining
23:55 Heavy Plow
23:53 Fletching
24:47 Bodkin Arrow
38:11 Imperial Age
37:40 Padded Archer Armor
41:36 Chemistry
52:28 Ballistics
52:37 Bracer
52:53 Leather Archer Armor
black
0:41 Loom
12:13 Feudal Age
13:37 Wheelbarrow
13:00 Gold Mining
19:24 Double-Bit Axe
26:29 Castle Age
26:28 Stone Mining
27:36 Horse Collar
Connection lost

Rejoining the realm…

Still unreachable

The connection could not be restored.

Session expired

The server has moved on; the page needs a fresh start.